 Dungeon Crawl Stone Soup version 0.20.0-1-g1cb1d84 (webtiles) character file.

63 skittles the Firebug (level 3, -2/26 HPs)
             Began as a Draconian Fire Elementalist on May 26, 2017.
             Slain by Crazy Yiuf
             ... wielding a +2 quarterstaff of chaos
              (10 damage)
             ... on level 2 of the Dungeon.
             The game lasted 00:05:32 (1611 turns).

skittles the Firebug (Draconian Fire Elementalist)  Turns: 1611, Time: 00:05:32

Health: -2/26      AC:  5    Str: 10    XL:     3   Next: 87%
Magic:  0/6        EV: 12    Int: 16    God:
Gold:   96         SH:  0    Dex: 11    Spells: 2/6 levels left

rFire    . . .     SeeInvis .   f - +0 spear
rCold    . . .     Gourm    .   (no shield)
rNeg     . . .     Faith    .   (armour unavailable)
rPois    .         Spirit   .   (helmet restricted)
rElec    .         Reflect  .   (no cloak)
rCorr    .         Harm     .   (no gloves)
MR       .....                  (no boots)
Stlth    ++........             (no amulet)
Regen    0.1/turn               (no ring)
MPRegen  0.1/turn               (no ring)

@: lethally poisoned (-2 -> -7), very slightly contaminated, invisible
A: unfitting armour, cold-blooded, AC +5
a: no special abilities


You were on level 2 of the Dungeon.
You were hungry.

You visited 1 branch of the dungeon, and saw 2 of its levels.

You collected 96 gold pieces.

Inventory:

Hand Weapons
 e - a +0 hand axe
 f - a +0 spear (weapon)
Armour
 k - a +0 shield
Scrolls
 c - a scroll of identify {unknown}
 d - 2 scrolls of noise {unknown}
 g - a scroll of teleportation {unknown}
 j - a scroll of fear {unknown}
 m - 2 scrolls of remove curse {unknown}
 n - a scroll of random uselessness {unknown}
 o - a scroll of enchant weapon {unknown}
 p - a scroll of enchant armour {unknown}
Books
 a - a book of Flames

   Spells                             Type                      Level
   a - Flame Tongue                   Conjuration/Fire             1
   b - Throw Flame                    Conjuration/Fire             2
   c - Conjure Flame                  Conjuration/Fire             3
   d - Inner Flame                    Hexes/Fire                   3
   e - Sticky Flame                   Conjuration/Fire             4
   f - Fireball                       Conjuration/Fire             5
Comestibles
 b - 3 bread rations
 h - 2 meat rations
 q - a fruit
 r - a chunk of flesh


   Skills:
 - Level 1.7 Dodging
 - Level 1.7 Stealth
 - Level 2.0 Spellcasting
 + Level 3.0 Conjurations
 + Level 3.7 Fire Magic


You had 2 spell levels left.
You knew the following spells:

 Your Spells              Type           Power        Failure   Level  Hunger
a - Flame Tongue          Conj/Fire      ##...        4%          1    #......
b - Conjure Flame         Conj/Fire      ##......     16%         3    ###....


Dungeon Overview and Level Annotations

Branches:
Dungeon (2/15)

Altars:
Ashenzari

Annotations:
D:2 Crazy Yiuf


Innate Abilities, Weirdness & Mutations

Your plain brown scales are hard. (AC +5)
You cannot fit into any form of body armour.
You are cold-blooded and may be slowed by cold attacks.


Message History

Crazy Yiuf barely misses you. Crazy Yiuf closely misses you.
You hit Crazy Yiuf. You tail-slap Crazy Yiuf.
Crazy Yiuf is almost dead.
You feel yourself speed up.
Crazy Yiuf hits you with a quarterstaff of chaos.
You are poisoned.
You feel sick.
Crazy Yiuf says, "Island!
Mountain sallow sanguine."
You feel sick.
Crazy Yiuf screams, "Mugger!
Gnoll down blue."
Casting: Flame Tongue
Confirm with . or Enter, or press ? or * to list all spells.
Aiming: Flame Tongue
Press: ? - help, Shift-Dir - straight line, f/p - Crazy Yiuf
Aim: Crazy Yiuf, wielding a quarterstaff of chaos and wearing an embroidered cloak (almost dead)
The flame tongue hits Crazy Yiuf.
Crazy Yiuf appears unharmed.
Crazy Yiuf is almost dead.
You are feeling hungry.
Crazy Yiuf hits you with a quarterstaff of chaos!
You die...

############# #...........#
#.#########.# #.# #.####
##.#########.....
#################.......[........
..............##...##############
######...#.....g@.....# #......
##..####..#...##.#####.#####
#....# ###.##..........# # ♣....♣
##.#.########.# # ♣♣...♣ #...#
#.# ## ♣♣.♣♣ ##...# ####.# .##
♣♣.♣ ##.#..# #..).# ..# ♣.♣♣
##.##..# #.##.# .## ♣♣.♣ #.###..#
#.##.#


You could see Crazy Yiuf.

Vanquished Creatures
  A gnoll (D:1)
  An ooze (D:2)
  A worm (D:2)
  5 dart slugs
  6 goblins
  5 hobgoblins
  A quokka (D:2)
  3 bats (D:2)
  A frilled lizard (D:1)
  7 kobolds
  6 rats
37 creatures vanquished.

Notes
Turn   | Place    | Note
-------+----------+-------------------------------------------
     0 | D:1      | skittles the Draconian Fire Elementalist began the quest for the Orb.
     0 | D:1      | Reached XP level 1. HP: 14/14 MP: 3/3
   119 | D:1      | Reached XP level 2. HP: 20/20 MP: 0/5
   478 | D:1      | Reached XP level 3. HP: 25/26 MP: 4/6
   689 | D:2      | Found a shattered altar of Ashenzari.
  1123 | D:2      | Learned a level 3 spell: Conjure Flame
  1264 | D:2      | Found a runed door.
  1572 | D:2      | Noticed Crazy Yiuf
  1595 | D:2      | Paralysed by Crazy Yiuf for 4 turns
  1611 | D:2      | Slain by Crazy Yiuf

Skill      XL: |  1  2  3 |
---------------+----------+-----
Conjurations   | 2 3 |  3.0
Dodging        | |  1.7
Stealth        | |  1.7
Spellcasting   | |  2.0
Fire Magic     | |  3.7

Action                   || total
-------------------------++-------
Melee: Club              ||     3
       Hand axe          ||    60
       Tailslap          ||     9
       Spear             ||     9
 Cast: Flame Tongue      ||    50
       Conjure Flame     ||     1
  Use: Potion            ||     2
 Stab: Sleeping          ||     1
  Eat: Chunk             ||     3
Armor: Skin              ||    20
Dodge: Dodged            ||    74
